 Dungeon Crawl Stone Soup version 0.30.0-13-g156ef70053 (webtiles) character file.

Game seed: 4562236478089965426

9 browni3141 the Firebug (level 2, 19/19 HPs)
             Began as a Demonspawn Fire Elementalist on May 17, 2023.
             Got out of the dungeon alive.
             The game lasted 00:00:29 (346 turns).

browni3141 the Firebug (DsFE)                        Turns: 346, Time: 00:00:30

Health: 19/19      AC:  2    Str:  8    XL:     2   Next: 3%
Magic:  4/5        EV: 12    Int: 16    God:
Gold:   30         SH:  0    Dex: 13    Spells: 4/5 levels left

rFire   . . .        (no weapon)
rCold   . . .        (no shield)
rNeg    . . .        a - +0 robe
rPois   .            (no helmet)
rElec   .            (no cloak)
rCorr   .            (no gloves)
SInv    .            (no boots)
Will    .....        (no amulet)
Stlth   ++           (no ring)
HPRegen 0.23/turn    (no ring)
MPRegen 0.09/turn

%: no passive effects
@: no status effects
A: hooves 1
a: no special abilities


You escaped.
You visited 1 branch of the dungeon, and saw 1 of its levels.

You collected 30 gold pieces.

Inventory:

Armour
 a - a +0 robe (worn)
Scrolls
 n - a scroll of noise {unknown}
Potions
 m - a potion of magic


   Skills:
 + Level 1.9 Dodging
 + Level 2.0 Stealth
 + Level 2.1 Spellcasting
 + Level 1.2 Conjurations
 + Level 2.8 Fire Magic


You had 4 spell levels left.
You knew the following spells:

 Your Spells              Type           Power      Damage    Failure   Level
z - Foxfire               Conj/Fire      32%        2x1d5     9%          1

Your spell library contained the following spells:

 Spells                   Type           Power      Damage    Failure   Level
 Scorch                   Fire           20%        2d5       10%         2
 Inner Flame              Hex/Fire       6%         N/A       34%         3
 Volatile Blastmotes      Fire/Tloc      12%        2d11      34%         3
 Flame Wave               Conj/Fire      8%         2d5       65%         4
 Malign Gateway           Summ/Tloc      0%         N/A       100%        7
 Summon Horrible Things   Summ           0%         N/A       100%        8


Dungeon Overview and Level Annotations

Branches:
Dungeon (1/15)

Altars:


Innate Abilities, Weirdness & Mutations

You have large cloven feet.


Message History

A bat is nearby!
A bat is nearby!
A bat is nearby!
You conjure some foxfire!
You conjure some foxfire!
The foxfire hits the bat but does no damage.
You conjure some foxfire!
The foxfire hits the bat.
You kill the bat!
You are out of magic!
Your foxfire dissipates!
Your foxfire dissipates! x3
You now have 18 gold pieces (gained 10). 2 jackals come into view.
The jackal barks! x2
There are monsters nearby!
There are monsters nearby!
There are monsters nearby!
You conjure some foxfire!
Your foxfire dissipates!
The foxfire hits the jackal.
The jackal is heavily wounded.
The jackal closely misses you.
Casting: Foxfire (safe; 10% risk of failure)
Press: ? - help, Q - select action Dir - look around, f - activate You conjure some foxfire!
The foxfire hits the jackal.
The jackal is almost dead.
Your foxfire dissipates!
The jackal closely misses you. The jackal bites you.
You hit the jackal.
The jackal is lightly wounded.
The jackal closely misses you. The jackal misses you.
You hit the jackal.
The jackal is moderately wounded.
The jackal misses you. The jackal bites you.
Casting: Foxfire (safe; 10% risk of failure)
Press: ? - help, Q - select action Dir - look around, f - activate You conjure some foxfire!
The jackal bites you. x2; The jackal barely misses you.
The jackal closely misses you.
The foxfire hits the jackal but does no damage.
The jackal is severely wounded.
The foxfire hits the jackal.
You kill the jackal!
You don't have enough magic to cast this spell.
You don't have enough magic to cast this spell.
You hit the jackal.
The jackal is severely wounded.
The jackal bites you. x2
* * * LOW HITPOINT WARNING * * *
You hit the jackal but do no damage.
The jackal is severely wounded.
The jackal closely misses you.
You hit the jackal but do no damage.
The jackal is severely wounded.
The jackal closely misses you.
You barely miss the jackal.
The jackal is severely wounded.
The jackal bites you but does no damage.
The jackal bites you.
* * * LOW HITPOINT WARNING * * *
Casting: Foxfire (safe; 9% risk of failure)
Press: ? - help, Q - select action Dir - look around, f - activate You conjure some foxfire!
The jackal misses you.
The foxfire hits the jackal.
The jackal is severely wounded.
The foxfire hits the jackal.
You kill the jackal!
HP restored.
You now have 30 gold pieces (gained 12).
A kobold comes into view.
It is wielding a +1 short sword of venom.
A kobold is nearby!
A kobold is nearby!
A kobold is nearby!
You conjure some foxfire!
You conjure some foxfire!
Your foxfire dissipates!
The kobold shouts!
The foxfire hits the kobold.
The kobold is moderately wounded.
The kobold throws a stone.
The stone completely misses you.
You conjure some foxfire!
You are out of magic!
You are out of magic!
The foxfire hits the kobold.
The kobold is severely wounded.
The foxfire hits the kobold.
You kill the kobold!
Your Stealth skill increases to level 2!
You have reached level 2!
Your demonic ancestry asserts itself...
Your feet thicken and deform.
You see here a bat corpse.
There is a stone staircase leading down here.
You open the door.
There is an open door here.
There is a staircase leading out of the dungeon here.
Are you sure you want to leave the Dungeon?
This will make you lose the game!
You have escaped!

.......#...##.##.##.....#
#.#.##
...#####.#.#####'####...#
#.###
.........#.##PP#.#PP#####
#.#
...#########P~~#.#..P##
#.# ...# ##P~~~#.#PPPP##
#†# #.## #P~~~~#.#...PP#
#.# #.# #P~~~~#.#...PP#
#.# #######.###########†#
+......@......'.....#
#######.#############
#PP...#.#~~~~P#
#P....#.#~~~~P#
##PP..#.#~~~P##
##P.P#.#~~P## ##PP#.#PP##
####+####


There were no monsters in sight!

Vanquished Creatures
  A ball python (D:1)
  2 bats (D:1)
  2 jackals (D:1)
  A kobold (D:1)
  A rat (D:1)
7 creatures vanquished.

Vanquished Creatures (others)
  18 foxfires (D:1)
18 creatures vanquished.

Grand Total: 25 creatures vanquished

Notes
Turn   | Place    | Note
-------+----------+-------------------------------------------
     0 | D:1      | browni3141 the Demonspawn Fire Elementalist began the quest
                  | for the Orb.
     0 | D:1      | Reached XP level 1. HP: 13/13 MP: 3/3
   306 | D:1      | Gained mutation: You have large cloven feet. [demonic
                  | ancestry]
   306 | D:1      | Reached XP level 2. HP: 19/19 MP: 0/5
   346 | D:$      | Got out of the dungeon alive.

Illustrated notes

Levels and vault maps discovered:
D:1:      psy_arrival_terrarium, layout_loops_cross,
          hellmonk_ecumenical_altar_zigzags

Skill      XL: |  1 |
---------------+----+-----
Stealth        | 2 |  2.0
Dodging        | |  1.9
Spellcasting   | |  2.1
Conjurations   | |  1.2
Fire Magic     | |  2.8

Action                     || total
---------------------------++-------
  Melee: Unarmed           ||    15
   Cast: Foxfire           ||    15
 Armour: Robe              ||     8
  Dodge: Dodged            ||    26
